 Dungeon Crawl Stone Soup version 0.21-a0-405-gf2af9a1 (webtiles) character file.

4819 HAL9000 the Grappler (level 10, 0/71 HPs)
             Began as a Yellow Draconian Transmuter on Nov 1, 2017.
             Was a Believer of Kikubaaqudgha.
             Succumbed to a hornet's poison
             ... on level 9 of the Dungeon.
             The game lasted 00:20:29 (8812 turns).

HAL9000 the Grappler (Yellow Draconian Transmuter)  Turns: 8812, Time: 00:20:30

Health: 0/71       AC: 10    Str: 14    XL:     10   Next: 24%
Magic:  8/13       EV: 20    Int: 15    God:    Kikubaaqudgha [**....]
Gold:   519        SH:  3    Dex: 17    Spells: 2/13 levels left

rFire    . . .     SeeInvis .     - Unarmed
rCold    . . .     Gourm    .   (shield currently unavailable)
rNeg     . . .     Faith    .   (armour unavailable)
rPois    .         Spirit   .   (helmet restricted)
rElec    .         Reflect  +   p - scarf {cloud immunity}
rCorr    +         Harm     .   (gloves currently unavailable)
MR       .....                  h - +2 pair of boots
Stlth    +++.......             F - +3 amulet of reflection
HPRegen  0.21/turn              y - +3 ring of slaying
MPRegen  0.13/turn              T - +3 ring of evasion

@: agile, lethally poisoned (0 -> -1), blade hands, slowed, very slow
A: spit acid, acid resistance, unfitting armour, cold-blooded, AC +7
a: Breathe Acid, End Transformation, Receive Corpses, Renounce Religion


You were on level 9 of the Dungeon.
You worshipped Kikubaaqudgha.
Kikubaaqudgha was pleased with you.
You were not hungry.
You had blades for hands.
You visited 2 branches of the dungeon, and saw 10 of its levels.

You collected 519 gold pieces.

Inventory:

Missiles
 a - 185 arrows
Armour
 h - a +2 pair of boots (worn)
 p - a scarf of cloud immunity (worn)
 L - the cursed +0 pair of gloves of the Hidden Vale (melded) {+Inv rC- Int+4}
   (You found it on level 5 of the Dungeon)

   It affects your intelligence (+4).
   It makes you vulnerable to cold.
   It lets you turn invisible.
   It has a curse placed upon it.
 M - a +0 buckler
 Z - a +0 cloak
Jewellery
 l - an uncursed ring of protection from fire
 o - a +4 ring of intelligence
 v - an uncursed amulet of regeneration
 y - a +3 ring of slaying (left scythe-like blade)
 F - a +3 amulet of reflection (around neck)
 T - a +3 ring of evasion (right scythe-like blade)
Wands
 I - a wand of random effects (15/48)
Scrolls
 d - 8 scrolls of identify
 e - a scroll of recharging
 q - 2 scrolls of noise {unknown}
 t - 4 scrolls of teleportation {unknown}
 u - 3 scrolls of fear {unknown}
 x - 2 scrolls of enchant weapon {unknown}
 A - 9 scrolls of remove curse
 E - a scroll of random uselessness {unknown}
 P - a scroll of blinking {unknown}
 R - 3 scrolls of enchant armour {unknown}
 W - a scroll of holy word {unknown}
Potions
 z - 2 potions of haste {unknown}
 D - 3 potions of agility
 H - a potion of cancellation {unknown}
 K - 2 potions of resistance {unknown}
 N - 3 potions of mutation {unknown}
 O - a potion of flight {unknown}
 Q - 3 potions of heal wounds {unknown}
 V - 2 potions of brilliance {unknown}
 X - a potion of lignification {unknown}
Books
 b - a book of Changes

   Spells                             Type                      Level
   a - Beastly Appendage              Transmutation                1
   b - Sticks to Snakes               Transmutation                2
   c - Spider Form                    Transmutation/Poison         3
   d - Ice Form                       Ice/Transmutation            4
   e - Blade Hands                    Transmutation                5
 S - Kikubaaqudgha's Guide on Unholy Secrets {god gift}
   (Kikubaaqudgha gifted it to you on level 7 of the Dungeon)

   Spells                             Type                      Level
   a - Animate Skeleton               Necromancy                   1
   b - Corpse Rot                     Necromancy                   2
   c - Sublimation of Blood           Necromancy                   2
   d - Regeneration                   Charms/Necromancy            3
   e - Control Undead                 Necromancy                   4
Miscellaneous
 Y - a lightning rod (2/4)
Comestibles
 c - 12 bread rations
 k - 5 meat rations
 U - 6 chunks of flesh


   Skills:
 - Level 1.1 Fighting
 - Level 1.7 Dodging
 + Level 11.0 Unarmed Combat
 + Level 2.0 Spellcasting
 + Level 0.0 Necromancy
 - Level 10.8 Transmutations


You had 2 spell levels left.
You knew the following spells:

 Your Spells              Type           Power        Failure   Level  Hunger
a - Beastly Appendage     Tmut           ####..       10%         1    #......
b - Sticks to Snakes      Tmut           ####....     11%         2    ###....
c - Spider Form           Tmut/Pois      ###.......   38%         3    ###....
d - Blade Hands           Tmut           ####......   38%         5    ######.


Dungeon Overview and Level Annotations

Branches:
Dungeon (9/15)             Temple (1/1) D:4
   Lair: D:8-11         Orc: D:9-12

Altars:
Ashenzari
Cheibriados
Dithmenos
Elyvilon
Fedhas
Gozag
Hepliaklqana
Kikubaaqudgha
Makhleb
Nemelex Xobeh
Okawaru
Qazlal
Ru
Sif Muna
Trog
Uskayaw
Vehumet
Wu Jian
Xom
Yredelemnul
Zin
The Shining One

Shops:
D:7 (   D:9 }


Innate Abilities, Weirdness & Mutations

You can spit globs of acid.
You are resistant to acid.
Your golden yellow scales are hard. (AC +7)
You cannot fit into any form of body armour.
You are cold-blooded and may be slowed by cold attacks.


Message History

You are too injured to fight recklessly!
You are too injured to fight recklessly!
Unknown command.
Casting: Blade Hands
Confirm with . or Enter, or press ? or * to list all spells.
Your hands turn into razor-sharp scythe blades.
The cursed +0 pair of gloves of the Hidden Vale {+Inv rC- Int+4} melds into your body.
You feel sick. The hornet stings you!
* * * LOW HITPOINT WARNING * * *
You feel as though you will be slow longer.
The hornet stings you!
* * * LOW HITPOINT WARNING * * *
You feel as though you will be slow longer.
It was a potion of agility.
You feel agile all of a sudden. The hornet barely misses you.
You block the hornet's attack. x2
You barely miss the hornet. You tail-slap the hornet.
The hornet is almost dead.
You die...
Kikubaaqudgha rasps: "You have failed me!
Welcome... death!"

. .....###.#.##....
#####'###.#.##.#.#
..#....##.#....#..
#.#....## #....#..
#.#....##.#.......
#######.#....##.#.......
.............##......#..
######.#.#.#####.##.#..
#@#.#.# #.##.#.#
#y#.#.#####(##.#.#
#.#.#........#.#.#
#.#.##########.#.# #.#.#
#.#.# #.#.# #.... ..#.#
###.# .## #.. ###


You could see a hornet.

Vanquished Creatures
  A two-headed ogre (D:9)
  A hornet (D:9)
  Prince Ribbit (D:8)
  A hippogriff (D:7)
  Sigmund (D:5)
  2 hungry ghosts
  An ice beast (D:8)
  2 black bears
  3 sky beasts
  3 phantoms
  2 necrophages (D:9)
  An ogre (D:6)
  A centaur (D:7)
  A big kobold (D:8)
  4 bullfrogs
  A gnoll sergeant (D:9)
  A wyvern skeleton (D:8)
  4 scorpions
  8 killer bees
  A wight (D:9)
  4 crimson imps
  A centaur zombie (D:9)
  A jelly (D:9)
  5 hounds
  An orc priest (D:7)
  2 bullfrog zombies
  3 orc wizards
  4 worker ants
  A killer bee zombie (D:3)
  A hound zombie (D:8)
  2 hound skeletons
  A worker ant zombie (D:9)
  7 gnolls
  7 adders
  3 shadow imps
  An adder zombie (D:8)
  2 adder skeletons
  2 worms
  4 dart slugs
  4 leopard geckos
  15 orcs
  2 ball pythons
  15 bats
  8 giant cockroaches
  11 goblins
  13 hobgoblins
  17 jackals
  2 quokkas (D:3)
  4 frilled lizards
  A giant cockroach zombie (D:5)
  2 jackal skeletons
  17 kobolds
  A leopard gecko skeleton (D:5)
  10 rats
  7 plants (D:2)
221 creatures vanquished.

Vanquished Creatures (collateral kills)
  A hound (D:5)
  A frilled lizard (D:1)
2 creatures vanquished.

Grand Total: 223 creatures vanquished

Notes
Turn   | Place    | Note
-------+----------+-------------------------------------------
     0 | D:1      | HAL9000 the Draconian Transmuter began the quest for the Orb.
     0 | D:1      | Reached XP level 1. HP: 16/16 MP: 3/3
    23 | D:1      | Reached XP level 2. HP: 20/23 MP: 3/5
   371 | D:1      | Learned a level 2 spell: Sticks to Snakes
   401 | D:1      | Reached XP level 3. HP: 23/28 MP: 6/6
   680 | D:1      | Found a glowing golden altar of the Shining One.
   988 | D:2      | Reached skill level 4 in Unarmed Combat
  1033 | D:2      | Found a sparkling altar of Nemelex Xobeh.
  1071 | D:2      | Reached XP level 4. HP: 29/35 MP: 7/7
  1102 | D:2      | Found a bloodstained altar of Trog.
  1106 | D:2      | Found an iron altar of Okawaru.
  1316 | D:1      | Learned a level 3 spell: Spider Form
  1938 | D:2      | Reached XP level 5. HP: 40/40 MP: 6/8
  2875 | D:3      | Reached skill level 5 in Unarmed Combat
  3105 | D:4      | Reached XP level 6. HP: 47/47 MP: 9/9
  3542 | D:4      | Found a staircase to the Ecumenical Temple.
  3553 | Temple   | Entered the Ecumenical Temple
  3767 | D:5      | Entered Level 5 of the Dungeon
  3857 | D:5      | Noticed Sigmund
  3893 | D:5      | Reached skill level 5 in Transmutations
  3902 | D:5      | Killed Sigmund
  3902 | D:5      | Reached skill level 6 in Unarmed Combat
  3902 | D:5      | Your scales start taking on a golden yellow colour.
  3902 | D:5      | Reached XP level 7. HP: 14/52 MP: 2/10
  4132 | D:5      | Found an ornate altar of the Wu Jian Council.
  4290 | D:5      | Got a pair of bloodstained gloves
  4296 | D:5      | Identified the cursed +0 pair of gloves of the Hidden Vale {+Inv rC- Int+4} (You found it on level 5 of the Dungeon)
  4660 | D:5      | Found a faded altar of an unknown god.
  4660 | D:5      | Found a radiant altar of Vehumet.
  4666 | D:5      | Found a faded altar of an unknown god.
  4668 | D:5      | Found a shimmering altar of Xom.
  4669 | D:5      | Found a shattered altar of Ashenzari.
  5009 | D:6      | Found an ancient bone altar of Kikubaaqudgha.
  5060 | D:6      | Became a worshipper of Kikubaaqudgha
  5092 | D:6      | Reached skill level 7 in Unarmed Combat
  5124 | D:6      | Reached XP level 8. HP: 30/59 MP: 11/11
  5400 | D:6      | Found an opulent altar of Gozag.
  5871 | D:6      | You fall through a shaft for 2 floors!
  5895 | D:8      | Reached skill level 8 in Unarmed Combat
  6264 | D:7      | Reached * piety under Kikubaaqudgha
  6264 | D:7      | Identified Kikubaaqudgha's Guide on Unholy Secrets {god gift} (Kikubaaqudgha gifted it to you on level 7 of the Dungeon)
  6264 | D:7      | Received a gift from Kikubaaqudgha
  6565 | D:7      | Learned a level 5 spell: Blade Hands
  6658 | D:7      | Reached XP level 9. HP: 57/64 MP: 12/12
  6828 | D:7      | Reached skill level 9 in Unarmed Combat
  6933 | D:7      | Found Melenot's Weapon Shop.
  7433 | D:8      | Reached ** piety under Kikubaaqudgha
  7626 | D:8      | Found a sacrificial altar of Ru.
  7733 | D:8      | Noticed Prince Ribbit
  7738 | D:8      | Killed Prince Ribbit
  7738 | D:8      | Reached skill level 10 in Unarmed Combat
  8155 | D:9      | Found a stormy altar of Qazlal.
  8204 | D:9      | Found Bauchowa's Gadget Emporium.
  8216 | D:9      | Reached skill level 10 in Transmutations
  8424 | D:9      | Found a basalt altar of Yredelemnul.
  8426 | D:9      | Noticed a profane servitor
  8442 | D:9      | Found a glowing golden altar of the Shining One.
  8446 | D:9      | Reached XP level 10. HP: 71/71 MP: 7/13
  8448 | D:9      | Noticed an angel
  8542 | D:9      | Noticed a two-headed ogre
  8549 | D:9      | Killed a two-headed ogre
  8680 | D:9      | Found a blossoming altar of Fedhas.
  8728 | D:9      | Reached skill level 11 in Unarmed Combat
  8810 | D:9      | HP: 1/71 [hornet (13)]
  8812 | D:9      | Succumbed to a hornet's poison

Vault maps used:
D:1:      lightli_iron_boxes, tso_metal_star
D:2:      grunt_temple_overflow_open, nemelex_xobeh_ov_fountains_minmay,
          wad_woods_river_04
D:3:      first_bread
D:4:      minmay_temple_entry_mist, minmay_splitting_lines
D:5:      chequers_temple_overflow_minitemple, basic_altar, uniq_sigmund
D:6:      grunt_gozag_statues, kiku_gazebo_pond_becter
D:7:      serial_shops, shop
D:8:      hangedman_ru_absence, uniq_prince_ribbit1
D:9:      grunt_temple_overflow_forces_of_nature,
          grunt_temple_overflow_holy_war, serial_undead, serial_undead_c,
          serial_undead_c, serial_undead_b, serial_undead_f, serial_undead_c,
          serial_undead_a, serial_undead_d, serial_shops, shop
Temple:   kb_temple_of_zot

Skill      XL: |  1  2  3  4  5  6  7  8  9 10 |
---------------+-------------------------------+-----
Transmutations | 3 4 5 6 8 10 | 10.8
Unarmed Combat | 4 5 6 7 8 10 11 | 11.0
Fighting       | |  1.1
Dodging        | |  1.7
Spellcasting   | |  2.0

Action                   |  1- 3 |  4- 6 |  7- 9 | 10-12 || total
-------------------------+-------+-------+-------+-------++-------
Melee: Unarmed           |   153 |   376 |   311 |    33 ||   873
       Headbutt          |     8 |    30 |       |       ||    38
       Tailslap          |    14 |    50 |    23 |     1 ||    88
       Kick              |     1 |       |       |       ||     1
       Punch             |     1 |    10 |     5 |       ||    16
 Cast: Beastly Appendage |     8 |    18 |     1 |       ||    27
       Sticks to Snakes  |     2 |     6 |     1 |       ||     9
       Spider Form       |       |     7 |     5 |       ||    12
       Blade Hands       |       |       |    10 |     3 ||    13
 Abil: End Transformatio |       |     4 |    13 |       ||    17
       Breathe Acid      |       |       |     3 |       ||     3
Evoke: Lightning rod     |       |       |     2 |       ||     2
  Use: Scroll            |       |     4 |       |       ||     4
       Potion            |       |       |     2 |     1 ||     3
 Stab: Sleeping          |     1 |     1 |     1 |       ||     3
  Eat: Chunk             |     1 |    11 |    15 |     3 ||    30
       Fruit             |       |       |     5 |       ||     5
       Royal jelly       |       |       |     1 |       ||     1
Armor: Skin              |    67 |    77 |    69 |     6 ||   219
Dodge: Dodged            |   101 |   138 |   178 |    28 ||   445
Block: Other             |       |       |    42 |     2 ||    44
       Reflection        |       |       |     3 |       ||     3

Table legend:
 A = Spawn XP
 B = Non-spawn XP
 C = Spawn XP percentage of total XP
 D = Spawn monster count
 E = Non-spawn monster count
 F = Spawn count percentage of total count
 G = Total turns spent on level
                    A         B        C        D         E        F      G
               +---------+---------+-------+---------+---------+-------+---------
         Total |       0 |    6885 |   0.0 |       0 |     216 |   0.0 |  8812
               +---------+---------+-------+---------+---------+-------+---------
           D:1 |       0 |      59 |   0.0 |       0 |      32 |   0.0 |   905
           D:2 |       0 |     141 |   0.0 |       0 |      36 |   0.0 |  1451
           D:3 |       0 |     136 |   0.0 |       0 |      29 |   0.0 |   683
           D:4 |       0 |      85 |   0.0 |       0 |       5 |   0.0 |   589
           D:5 |       0 |     437 |   0.0 |       0 |      16 |   0.0 |  1038
           D:6 |       0 |     882 |   0.0 |       0 |      24 |   0.0 |  1066
           D:7 |       0 |    1307 |   0.0 |       0 |      19 |   0.0 |   938
           D:8 |       0 |    1326 |   0.0 |       0 |      27 |   0.0 |  1290
           D:9 |       0 |    2512 |   0.0 |       0 |      28 |   0.0 |   713
               +---------+---------+-------+---------+---------+-------+---------
